Map: Lightshade LE

Players

koGiSeNOcetH

  • Race: Protoss Protoss
  • Spawn Location: 11:00

DCake - Winner!

  • Race: Zerg Zerg
  • League: Platinum
  • Spawn Location: 5:00

VOD

Have the link to the VOD?

Description

Time

  • Played on: Jan. 10, 2021, 12:04 a.m.
  • Length: 3:44
Show
View Real Time Build Order
Export as new Build Order

koGiSeNOcetH Protoss 

Build Orders:  

Get SALT Encoding   

  12  0:00  Probe  
  13  0:16  Pylon  
  13  0:20  Probe  
  14  0:32  Probe (Chrono Boost)  
  14  0:35  Forge  
  15  0:44  Probe (Chrono Boost)  
  16  0:58  Pylon  
  16  1:07  Pylon  
  16  1:08  Pylon  
  16  1:20  Photon Cannon  
  16  1:29  Probe (Chrono Boost)  
  17  1:39  Probe (Chrono Boost)  
  17  1:51  Photon Cannon  
  17  1:58  Probe  
  18  2:14  Probe (Chrono Boost)  
  18  2:24  Probe (Chrono Boost)  
  18  2:29  Probe (Chrono Boost)  
  20  2:49  Photon Cannon  
  20  2:56  Pylon  
  20  3:12  Pylon  
  19  3:16  Pylon  
  19  3:25  Assimilator  
  20  3:27  Probe  
Show
View Real Time Build Order
Export as new Build Order

DCake Zerg - Winner!

Build Orders: Hatch First 

Get SALT Encoding   

  12  0:00  Drone  
  13  0:12  Overlord  
  13  0:18  Drone  
  14  0:30  Drone  
  14  0:31  Drone  
  16  0:49  Hatchery  
  15  0:52  Drone  
  15  0:55  Drone  
  17  0:59  Drone  
  18  1:50  Extractor  
  18  1:52  Spawning Pool  
  14  2:00  Drone x3  
  14  2:14  Drone  
  15  2:18  Drone  
  16  2:28  Drone  
  17  2:33  Drone  
  18  2:38  Drone  
  18  2:42  Zergling x2  
  20  2:45  Zergling x2  
  21  2:53  Zergling x4  
  23  2:59  Zergling x2  
  23  3:05  Zergling x2  
  24  3:10  Zergling x2  
  25  3:19  Zergling x2  
  26  3:24  Drone  
  27  3:28  Drone  
Tags
 
League
Platinum
Matchup
PvZ
Spawn Locations
Cross Positions
Add a new tag
Caveats
  • Supply blocks, unpowered buildings, or Contaminate may cause inaccurate times.
  • Supply counts are checked every 10 seconds.